 Dungeon Crawl Stone Soup version 0.31.0-12-g77e489cdc1 (webtiles) character file.

Game seed: 17763155815940034203

63 Arctor the Firebug (level 3, 0/19 HPs)
             Began as a Deep Elf Fire Elementalist on Feb 22, 2024.
             Slain by a cerulean imp
             ... wielding a +0 spear
             ... summoned by Natasha
              (3 damage)
             ... on level 2 of the Dungeon.
             The game lasted 00:01:51 (2446 turns).

Arctor the Firebug (Deep Elf Fire Elementalist)     Turns: 2446, Time: 00:01:51

Health: 0/19       AC:  2    Str:  5    XL:     3   Next: 87%
Magic:  0/10       EV: 13    Int: 21    God:
Gold:   104        SH:  0    Dex: 15    Spells: 3/9 levels left

rFire   . . .        c - +0 dagger
rCold   . . .        (no shield)
rNeg    . . .        a - +0 robe
rPois   .            (no helmet)
rElec   .            (no cloak)
rCorr   .            (no gloves)
SInv    .            (no boots)
Will    +....        (no amulet)
Stlth   ++           h - ring of willpower
HPRegen 0.23/turn    (no ring)
MPRegen 0.12/turn

%: random rage (3%)
@: no status effects
A: fangs 1, berserk 1
a: no special abilities


You were on level 2 of the Dungeon.
You visited 1 branch of the dungeon, and saw 2 of its levels.

You collected 104 gold pieces.

Inventory:

Hand Weapons
 c - a +0 dagger (weapon)
Armour
 a - a +0 robe (worn)
Jewellery
 h - a ring of willpower (left hand)
Scrolls
 d - 4 scrolls of blinking
 g - a scroll of enchant weapon
 i - a scroll of teleportation
 j - a scroll of immolation {unknown}
 k - a scroll of fear {unknown}
Potions
 b - a potion of magic
 e - a potion of mutation
 f - a potion of lignification {unknown}


   Skills:
 + Level 3.1 Dodging
 + Level 3.2 Stealth
 + Level 3.7 Spellcasting
 + Level 2.1 Conjurations
 + Level 3.7 Fire Magic


You had 3 spell levels left.
You knew the following spells:

 Your Spells              Type           Power      Damage    Failure   Level
a - Foxfire               Conj/Fire      64%        2x1d7     3%          1
b - Scorch                Fire           38%        2d6       4%          2
c - Volatile Blastmotes   Fire/Tloc      22%        2d11      17%         3

Your spell library contained the following spells:

 Spells                   Type           Power      Damage    Failure   Level
 Inner Flame              Hex/Fire       11%        N/A       17%         3
 Flame Wave               Conj/Fire      16%        2d7       36%         4
 Animate Dead             Necr           3%         N/A       77%         4
 Borgnjor's Vile Clutch   Necr/Erth      1%         N/A       98%         5
 Death Channel            Necr           1%         N/A       100%        6


Dungeon Overview and Level Annotations

Branches:
Dungeon (2/15)

Altars:
Ashenzari

Annotations:
D:2 Natasha


Innate Abilities, Weirdness & Mutations

You have very sharp teeth.
You sometimes lose your temper in combat.


Message History

Your foxfire dissipates!
The foxfire hits Natasha.
Natasha is heavily wounded.
Natasha attacks as she pursues you! Natasha claws you.
Casting: Scorch (safe; 4% risk of failure)
Confirm with . or Enter, or press ? or * to list all spells.
Flames lash the cerulean imp.
The cerulean imp is burned terribly!
You kill the cerulean imp!
The cerulean imp disappears in a puff of smoke!
Natasha claws you.
Unknown command.
Casting: Scorch (safe; 4% risk of failure)
Confirm with . or Enter, or press ? or * to list all spells.
Flames lash Natasha.
Natasha is severely wounded.
Natasha's fire resistance burns away.
Natasha casts a spell.
Unknown command.
Casting: Scorch (safe; 4% risk of failure)
Confirm with . or Enter, or press ? or * to list all spells.
You don't have enough magic to cast this spell.
You hit Natasha but do no damage.
Natasha is severely wounded.
Natasha barely misses you.
The cerulean imp hits you from afar with a +0 spear.
You barely miss Natasha.
Natasha is severely wounded.
Natasha misses you.
The cerulean imp hits you from afar with a +0 spear.
Casting: Scorch (safe; 4% risk of failure)
Confirm with . or Enter, or press ? or * to list all spells.
Flames lash the cerulean imp.
The cerulean imp is severely wounded.
The cerulean imp's fire resistance burns away.
Natasha howls an incantation.
You feel troubled. Natasha claws you!
* * * LOW HITPOINT WARNING * * *
The cerulean imp hits you from afar with a +0 spear.
You die...

#................#
....#.##.##.#.#.#.#
............#.# #)#
#####.##.##.#.#.#.#
................#.#
##.###.#......###.#
##.###.####.### #5#
.............####h#
................@.#
.....#.#.##.#####.#
##.#.#.#.##.#############
##.#.#.#.#..............#
##.#.#.#.#..####.########
##.#.#.........#.#
##.#.###.#.#.#.#.#
##.#...#.#.#.#.#.#
##.###.#.#.#.#.#.#


You could see Natasha (combustible) and a cerulean imp (summoned, combustible).

Vanquished Creatures
  Terence (D:2)
  An adder (D:2)
  5 endoplasms
  A giant cockroach (D:2)
  4 goblins
  2 hobgoblins (D:1)
  5 ball pythons
  A bat (D:2)
  4 frilled lizards
  2 kobolds
  A rat (D:2)
27 creatures vanquished.

Vanquished Creatures (collateral kills)
  3 foxfires (D:1)
3 creatures vanquished.

Vanquished Creatures (others)
  163 foxfires
163 creatures vanquished.

Grand Total: 193 creatures vanquished

Notes
Turn   | Place    | Note
-------+----------+-------------------------------------------
     0 | D:1      | Arctor the Deep Elf Fire Elementalist began the quest for
                  | the Orb.
     0 | D:1      | Reached XP level 1. HP: 10/10 MP: 6/6
   124 | D:1      | Found a faded altar of an unknown god.
   878 | D:1      | Reached XP level 2. HP: 15/15 MP: 4/8
   929 | D:1      | Learned a level 2 spell: Scorch
  1566 | D:2      | Noticed Terence
  1576 | D:2      | Gained mutation: You sometimes lose your temper in combat.
                  | [potion of mutation]
  1576 | D:2      | Gained mutation: You have very sharp teeth. [potion of
                  | mutation]
  1591 | D:2      | Killed Terence
  1592 | D:2      | Reached XP level 3. HP: 19/19 MP: 0/10
  1596 | D:2      | Learned a level 3 spell: Volatile Blastmotes
  2182 | D:2      | Found a broken altar of Ashenzari.
  2434 | D:2      | Noticed Natasha
  2446 | D:2      | Slain by a cerulean imp

Illustrated notes

Levels and vault maps discovered:
D:1:      dpeg_arrival_arbitrary_a, layout_basic, shapermc_ecumenical_altar_gd,
          wad_floor_pattern_untrapped
D:2:      layout_basic, basic_altar, uniq_natasha, uniq_terence

Skill      XL: |  1  2  3 |
---------------+----------+-----
Dodging        | 3 |  3.1
Stealth        | 3 |  3.2
Conjurations   | 2 |  2.1
Spellcasting   | |  3.7
Fire Magic     | |  3.7

Action                     || total
---------------------------++-------
  Melee: Unarmed           ||     2
         Dagger            ||     2
   Cast: Foxfire           ||    99
         Scorch            ||     9
    Use: Potion            ||     3
         Scroll            ||     3
 Armour: Robe              ||    14
  Dodge: Dodged            ||    22
